 Dungeon Crawl Stone Soup version 0.27.1-37-g7b29ead8ac (webtiles) character file.

Game seed: 398326321776760685

85 AarnesTheHuman the Skirmisher (level 4, 0/37 HPs)
             Began as a Formicid Fighter on Nov 10, 2023.
             Slain by an orc priest (1 damage)
             ... on level 2 of the Dungeon.
             The game lasted 00:02:28 (2208 turns).

AarnesTheHuman the Skirmisher (Formicid Fighter)    Turns: 2208, Time: 00:02:28

Health: 0/37       AC:  6    Str: 28    XL:     4   Next: 75%
Magic:  4/4        EV:  8    Int:  7    God:
Gold:   102        SH: 10    Dex: 10    Spells: 3/3 levels left

rFire    . . .     SeeInvis +   a - +0 quarterstaff
rCold    . . .     Faith    .   c - +0 kite shield
rNeg     . . .     Spirit   .   b - +0 scale mail
rPois    .         Reflect  .   (helmet unavailable)
rElec    .         Harm     .   (no cloak)
rCorr    .         Rampage  .   (no gloves)
Will     .....                  (no boots)
Stlth    ..........             (no amulet)
HPRegen  0.12/turn              e - +6 ring of strength
MPRegen  0.09/turn              (no ring)

@: mighty
A: permanent stasis, dig shafts and tunnels, antennae 3, four strong arms
a: Dig, Shaft Self


You were on level 2 of the Dungeon.
You visited 1 branch of the dungeon, and saw 3 of its levels.

You collected 102 gold pieces.

Inventory:

Hand Weapons
 a - a +0 quarterstaff (weapon)
Missiles
 g - 53 sling bullets
 h - 37 stones
 k - 16 poisoned darts
Armour
 b - a +0 scale mail (worn)
 c - a +0 kite shield (worn)
Jewellery
 e - a +6 ring of strength (left hand)
Wands
 l - a wand of flame (16)
Scrolls
 f - a scroll of identify {unknown}
 m - a scroll of brand weapon {unknown}
 n - a scroll of fog {unknown}
 o - a scroll of teleportation {unknown}
Potions
 i - a potion of lignification {unknown}
 j - a potion of degeneration {unknown}
 p - a potion of curing {unknown}


   Skills:
 - Level 4.0 Fighting
 + Level 4.0 Staves
 + Level 3.4 Armour
 + Level 3.6 Shields


You had 3 spell levels left.
You didn't know any spells.
Your spell library contained the following spells:

 Spells                   Type           Power      Damage    Failure   Level
 Corpse Rot               Necr/Air       N/A        N/A       99%         2
 Dispel Undead            Necr           0%         3d6       100%        4
 Death Channel            Necr           0%         N/A       100%        6


Dungeon Overview and Level Annotations

Branches:
Dungeon (3/15)

Altars:


Innate Abilities, Weirdness & Mutations

You cannot be hasted, slowed, berserked, paralysed or teleported.
You can dig through walls and to a lower floor.
You have a pair of large antennae on your head. (SInv)
Your four strong arms can wield two-handed weapons with a shield.


Message History

You climb upwards.
There is a stone staircase leading down here.
You start resting.
HP restored.
You climb downwards.
The orc priest hits you but does no damage.
The orc priest hits you with a +0 hand axe.
The orc priest hits you with a +0 club.
There is a stone staircase leading up, spattered with blood here.
The orc priest looks braver for a moment.
The orc priest hits you but does no damage.
The orc priest begins to cast a cantrip, but forgets the words!
You climb upwards.
There is a stone staircase leading down here.
You closely miss the orc priest. You block the orc priest's attack. x2
The orc priest miscasts a cantrip.
You closely miss the orc priest.
The orc priest hits you with a +0 war axe!
The orc priest hits you with a +0 hand axe.
The orc priest barely misses you. You block the orc priest's attack.
You hit the orc priest but do no damage.
The orc priest calls down the wrath of Beogh upon you.
Beogh smites you!
* * * LOW HITPOINT WARNING * * *
The orc priest miscasts a cantrip.
You block the orc priest's attack.
The orc priest hits you with a +0 hand axe.
* * * LOW HITPOINT WARNING * * *
The orc priest invokes the aid of Beogh against you.
You barely resist.
You feel very mighty all of a sudden.
The orc priest looks encouraged for a moment.
You block the orc priest's attack. The orc priest barely misses you.
You closely miss the orc priest.
The orc priest hits you with a +0 war axe.
* * * LOW HITPOINT WARNING * * *
The orc priest hits you with a +0 hand axe.
* * * LOW HITPOINT WARNING * * *
The orc priest hits you with a +0 club.
You die...

#.......#
#.###.##.(....#
#.......#
#..##.#######.#
#.......#
##.##.# #.#
#.....###
#.##.# #.#
#.....# #..#.#
#.# ...##.#
##.#.# #.#
#.....# #...#
#.# .#.####
##.o#######.#
.#.#
#o@o.......#
.#.#
############
#..# ...# ...#
#..# .#.# .#.#
.#.#


You could see 3 orc priests.

Vanquished Creatures
  Natasha (D:3)
  2 adders (D:2)
  A dart slug (D:2)
  5 ball pythons
  2 endoplasms
  8 goblins
  4 hobgoblins (D:1)
  A quokka (D:2)
  4 bats (D:1)
  4 frilled lizards (D:2)
  4 kobolds
  A rat (D:2)
37 creatures vanquished.

Notes
Turn   | Place    | Note
-------+----------+-------------------------------------------
     0 | D:1      | AarnesTheHuman the Formicid Fighter began the quest for the
                  | Orb.
     0 | D:1      | Reached XP level 1. HP: 18/18 MP: 1/1
   227 | D:1      | Reached XP level 2. HP: 22/24 MP: 2/2
   967 | D:1      | Found a faded altar of an unknown god.
  1106 | D:2      | Reached XP level 3. HP: 24/30 MP: 3/3
  1544 | D:2      | Reached XP level 4. HP: 21/37 MP: 4/4
  2026 | D:3      | Noticed Natasha
  2035 | D:3      | Killed Natasha
  2208 | D:2      | HP: 1/37 [orc priest (1)]
  2208 | D:2      | Slain by an orc priest

Illustrated notes

Levels and vault maps discovered:
D:1:      ncdulo_watergridlock, layout_basic,
          chequers_ecumenical_altar_simple_redux, minmay_tetromino_o2
D:2:      layout_basic, ebering_dispersal_statue_hall, fountainhead
D:3:      layout_basic, minmay_fractal_squares_5, uniq_natasha

Skill      XL: |  1  2  3  4 |
---------------+-------------+-----
Fighting       | 4 |  4.0
Staves         | 3 4 |  4.0
Armour         | |  3.4
Shields        | |  3.6

Action                   |  1- 3 |  4- 6 || total
-------------------------+-------+-------++-------
Melee: Quarterstaff      |   112 |    18 ||   130
  Use: Potion            |       |     1 ||     1
Armor: Scale mail        |    51 |     5 ||    56
Dodge: Dodged            |    32 |     3 ||    35
Block: Kite shield       |    41 |    11 ||    52
